 Dungeon Crawl Stone Soup version 0.30-a0-691-g754fce4c43 (webtiles) character file.

Game seed: 4031299491653943774

423 M4edhros the Charlatan (level 6, -2/36 HPs)
             Began as an Octopode Artificer on Jan 19, 2023.
             Was a Believer of Jiyva.
             Killed from afar by an orc wizard (13 damage)
             ... with a puff of flame
             ... on level 4 of the Dungeon.
             The game lasted 00:04:35 (3147 turns).

M4edhros the Charlatan (Octopode Artificer)         Turns: 3147, Time: 00:04:35

Health: -2/36      AC:  1    Str: 11    XL:     6   Next: 95%
Magic:  3/6        EV: 14    Int: 14    God:    Jiyva [**....]
Gold:   59         SH:  0    Dex: 14    Spells: 5/5 levels left

rFire   . . .      SeeInvis .    u - +5 mace of the Desolation of Salt {speed, *Slow rElec rPois rCorr}
rCold   . . .      Faith    .    (no shield)
rNeg    . . .      Spirit   .    (helmet restricted)
rPois   +          Reflect  .    a - amulet of magic regeneration
rElec   +          Harm     .    v - ring of wizardry
rCorr   +          Rampage  .    (no ring)
Will    .....                    (no ring)
Stlth   ++++                     (no ring)
HPRegen 1.22/turn                (no ring)
MPRegen 0.80/turn                (no ring)
                                 (no ring)
                                 (no ring)

@: slowed, very slow
A: almost no armour, amphibious, 8 rings, camouflage 1, gelatinous body 1,
(nimble swimmer 1), tentacles, frail 1, poison resistance, MP-powered wands
a: Renounce Religion


You were on level 4 of the Dungeon.
You worshipped Jiyva.
Jiyva was pleased with you.
You visited 1 branch of the dungeon, and saw 5 of its levels.
You also visited: Sewer.

You collected 59 gold pieces.

Inventory:

Hand Weapons
 r - a +1 spear of venom
 u - the +5 mace of the Desolation of Salt (weapon) {speed, *Slow rElec rPois rCorr}
   (You found it on level 5 of the Dungeon)

   rElec:     It insulates you from electricity.
   rPois:     It protects you from poison.
   rCorr:     It protects you from acid and corrosion.
   *Slow:     It may slow you when you take damage.
Missiles
 e - 6 poisoned darts
Jewellery
 a - an amulet of magic regeneration (around mantle)
 v - a ring of wizardry (left tentacle)
Wands
 b - a wand of flame (19) (quivered)
 c - a wand of charming (10)
 d - a wand of iceblast (5)
Scrolls
 f - a scroll of teleportation {unknown}
 g - 2 scrolls of poison {unknown}
 j - 2 scrolls of blinking {unknown}
 l - 2 scrolls of identify
 o - 2 scrolls of immolation
 p - a scroll of butterflies {unknown}
Potions
 i - 2 potions of brilliance
 k - 2 potions of mutation
 m - a potion of berserk rage {unknown}
 n - a potion of magic {unknown}
 q - a potion of curing
 s - a potion of cancellation {unknown}
 t - a potion of heal wounds {unknown}


   Skills:
 + Level 2.8 Fighting
 * Level 0.4 Maces & Flails
 - Level 2.2 Polearms
 + Level 3.5 Dodging
 + Level 4.3 Stealth
 - Level 2.6 Unarmed Combat
 + Level 4.4 Evocations


You had 5 spell levels left.
You didn't know any spells.
Your spell library was empty.

Dungeon Overview and Level Annotations

Branches:
Dungeon (5/15)             Temple (0/1) D:5           Sewer (visited)

Altars:
Qazlal
Sif Muna
Yredelemnul
Zin

Shops:
D:4 *


Innate Abilities, Weirdness & Mutations

You cannot wear most types of armour.
You are amphibious.
You can wear up to eight rings at the same time.
Your skin changes colour to match your surroundings (Stealth+).
Your rubbery body absorbs attacks. (AC +1, EV +1)
((You are camouflaged when in or above water. (Stealth+)))
You have tentacles for arms and can constrict up to eight enemies at once.
You are frail. (-10% HP)
Your system is resistant to poisons. (rPois)
You expend magic power (3 MP) to strengthen your wands.


Message History

You hear some strange, mumbled words.
A magic dart appears from out of thin air!
The magic dart hits you!
You hear a slurping noise.
Something hits you.
You feel yourself slow down.
You hear a distant slurping noise.
You feel better. Something hits you.
You hear a slurping noise.
You hear some strange, mumbled words.
Something tries to affect you, but you resist.
You hit something.
You hear a distant slurping noise.
Something hits you.
The jelly hits something but does no damage.
You hear a distant slurping noise.
You hear a squelching noise.
You hit something but do no damage. You tentacle-slap something.
Your squeeze misses something. Something hits you.
You hear a slurping noise.
The jelly splits in two!
You hear some strange, mumbled words.
A magic dart appears from out of thin air!
The magic dart hits you!
* * * LOW HITPOINT WARNING * * *
Aiming: Charm
Press: ? - help, Shift-Dir - straight line, f - you You feel a surge of power!
Nothing appears to happen.
You hear a distant slurping noise.
Something hits you.
* * * LOW HITPOINT WARNING * * *
Aiming: Charm
Press: ? - help, Shift-Dir - straight line, f - you You feel a slight surge of power.
Nothing appears to happen.
Something hits you.
* * * LOW HITPOINT WARNING * * *
Something hits you.
* * * LOW HITPOINT WARNING * * *
You feel better.
You hear a distant slurping noise.
You hear some strange, mumbled words.
A puff of flame appears from out of thin air!
The puff of flame hits you!
You die...

##. ### ..#
...##⌠##..#
###..#_#...#
.....JJ.#.#
#........# .
####...∩....#
#.#.#.........#.####
#.#.#. #..........#
###...####.#@{.#.##.#
#E#...#E##.##### ..
####...####.# ##
#.........#.# ##
#...._......#
.###...........#
....###...######
.####E#...#E# .#
###...###


You could see 2 neutral jellies (fellow slime).

Vanquished Creatures
  A black bear (D:5)
  A scorpion (D:5)
  A jelly (Sewer)
  An orc priest (D:5)
  An orc wizard (D:4)
  6 adders
  2 river rats (Sewer)
  2 adder zombies (D:3)
  2 worms (Sewer)
  A dart slug (D:1)
  7 orcs
  3 bats (D:1)
  4 endoplasms (Sewer)
  5 giant cockroaches
  3 goblins
  3 hobgoblins
  8 quokkas
  5 ball pythons
  5 frilled lizards
  A giant cockroach zombie (D:3)
  4 kobolds
  A quokka zombie (D:3)
  7 rats
74 creatures vanquished.

Vanquished Creatures (collateral kills)
  An orc wizard (D:5)
  2 orcs (D:5)
3 creatures vanquished.

Vanquished Creatures (others)
  A scorpion (D:5)
  An adder (D:5)
  A ball python (D:4)
  A quokka (D:1)
4 creatures vanquished.

Grand Total: 81 creatures vanquished

Notes
Turn   | Place    | Note
-------+----------+-------------------------------------------
     0 | D:1      | M4edhros the Octopode Artificer began the quest for the
                  | Orb.
     0 | D:1      | Reached XP level 1. HP: 13/13 MP: 1/1
   224 | D:1      | Reached XP level 2. HP: 15/18 MP: 2/2
   320 | D:2      | Reached skill level 1 in Unarmed Combat
   356 | D:2      | Reached XP level 3. HP: 23/23 MP: 3/3
   409 | D:3      | Found a basalt altar of Yredelemnul.
   430 | D:3      | Identified the +1 leather armour "Zyassi" {+Inv Fly Str+3}
   456 | D:3      | Found a glowing drain.
   475 | D:3      | HP: 1/24 [quokka (4)]
   477 | D:3      | Reached XP level 4. HP: 2/29 MP: 4/4
   485 | Sewer    | Entered a sewer
   734 | Sewer    | Found a viscous altar of Jiyva.
   757 | Sewer    | Reached XP level 5. HP: 17/34 MP: 5/5
   770 | Sewer    | Became a worshipper of Jiyva Joiv the Shapeless
  1059 | D:2      | Found a faded altar of an unknown god.
  1531 | D:1      | Reached * piety under Jiyva
  2049 | D:3      | Found a shimmering blue altar of Sif Muna.
  2135 | D:3      | You fall into a shaft and drop 2 floors!
  2135 | D:5      | Entered Level 5 of the Dungeon
  2162 | D:5      | Reached ** piety under Jiyva
  2170 | D:5      | Noticed a black bear
  2284 | D:5      | Reached skill level 1 in Polearms
  2284 | D:5      | Reached XP level 6. HP: 31/41 MP: 6/6
  2355 | D:5      | Identified the +5 mace of the Desolation of Salt {speed,
                  | *Slow rElec rPois rCorr}
  2592 | D:5      | Killed a black bear
  2838 | D:5      | Found a staircase to the Ecumenical Temple.
  3022 | D:4      | Gained mutation: Your system is resistant to poisons.
                  | (rPois) [potion of mutation]
  3022 | D:4      | Gained mutation: You are frail. (-10% HP) [potion of
                  | mutation]
  3022 | D:4      | Gained mutation: You expend magic power (3 MP) to
                  | strengthen your wands. [potion of mutation]
  3105 | D:4      | Found a stormy altar of Qazlal.
  3108 | D:4      | Noticed a fire elemental
  3109 | D:4      | Noticed a water elemental
  3109 | D:4      | Noticed an air elemental
  3117 | D:4      | Found Zin's Purification Station.
  3118 | D:4      | Found a glowing silver altar of Zin.
  3147 | D:4      | Killed from afar by an orc wizard

Illustrated notes

Levels and vault maps discovered:
D:1:      minmay_arrival_glassed_features, layout_loops_ring
D:2:      layout_rooms, hellmonk_ecumenical_altar_blasted, roderic_roman_lattice
D:3:      layout_loops_corners, nicolae_yredelemnul_corpse_copse,
          nicolae_overflow_crystal_walls,
          grunt_temple_overflow_lords_of_destruction,
          gammafunk_ghost_necromancy, gup_sewer_entry_pipe,
          serial_co_window_serial, co_window_paths_a, co_window_paths_b,
          co_window_paths_b, co_window_paths_b, co_window_of_opportunity_a,
          co_window_of_opportunity_a, co_window_cross_1, co_window_corner_a,
          co_window_paths_b, co_window_corner_cb, co_window_corner_b,
          co_window_2corner, co_window_corner_b, co_window_paths_c,
          glass_columns_a
D:4:      layout_basic, nicolae_qazlal_style_of_elements, zin_purify,
          minmay_liquid_box
D:5:      layout_layer_cave, minmay_temple_entry_poolview

Skill      XL: |  1  2  3  4  5  6 |
---------------+-------------------+-----
Stealth        | 2 3 4 |  4.3
Unarmed Combat | 1 2 |  2.6
Fighting       | 2 |  2.8
Dodging        | 3 |  3.5
Evocations     | 4 |  4.4
Polearms       | 1 2 |  2.2
Maces & Flails | |  0.4

Action                   |  1- 3 |  4- 6 || total
-------------------------+-------+-------++-------
Melee: Unarmed           |    62 |    75 ||   137
       Constrict         |    20 |    27 ||    47
       Tentacles         |    18 |    31 ||    49
       Punch             |     2 |     3 ||     5
       Spear             |       |    26 ||    26
       Mace              |       |    29 ||    29
Evoke: Wand              |     2 |     6 ||     8
  Use: Scroll            |     1 |       ||     1
       Potion            |       |     6 ||     6
 Stab: Sleeping          |     5 |    10 ||    15
Armor: Skin              |     4 |     6 ||    10
Dodge: Dodged            |    48 |    63 ||   111

Table legend: (Time is in decaauts)
 A = Elapsed time spent in this place.
 B = Non-inter-level travel time spent in this place.
 C = Inter-level travel time spent in this place.
 D = Time resting spent in this place.
 E = Time spent auto-exploring this place.
 F = Levels seen in this place.
 G = Mean time per level.
                   A        B        C        D        E       F      G
               +--------+--------+--------+--------+--------+-----+--------+
         Total |   3141 |   2881 |    260 |    102 |   2122 |   6 |  523.5 |
       Dungeon |   2748 |   2488 |    260 |      0 |   1965 |   5 |  549.6 |
         Sewer |    392 |    392 |      0 |    102 |    157 |   1 |  392.0 |
               +--------+--------+--------+--------+--------+-----+--------+

Top non-repeatable levels by time:
     D:5: 775 daAuts
     D:2: 702 daAuts
     D:1: 696 daAuts
   Sewer: 392 daAuts
     D:3: 338 daAuts
     D:4: 235 daAuts
